 Dungeon Crawl Stone Soup version 0.30-a0-782-ge64f9170bb (webtiles) character file.

Game seed: 997101512950720704

43 Bnni the Stinger (level 3, 0/26 HPs)
             Began as a Formicid Venom Mage on Mar 1, 2023.
             Slain by a gnoll
             ... wielding a +0 spear
              (8 damage)
             ... on level 2 of the Dungeon.
             The game lasted 00:01:39 (996 turns).

Bnni the Stinger (Formicid Venom Mage)               Turns: 996, Time: 00:01:40

Health: 0/26       AC:  2    Str: 14    XL:     3   Next: 82%
Magic:  0/7        EV: 12    Int: 14    God:
Gold:   82         SH:  0    Dex: 14    Spells: 4/7 levels left

rFire   . . .      SeeInvis +    d - +0 dagger
rCold   . . .      Faith    .    (no shield)
rNeg    . . .      Spirit   .    a - +0 robe
rPois   .          Reflect  .    (helmet unavailable)
rElec   .          Harm     .    (no cloak)
rCorr   .          Rampage  .    (no gloves)
Will    .....                    (no boots)
Stlth   ++                       (no amulet)
HPRegen 0.24/turn                (no ring)
MPRegen 0.10/turn                (no ring)

@: no status effects
A: permanent stasis, dig shafts and tunnels, antennae 3, four strong arms
a: Dig, Shaft Self


You were on level 2 of the Dungeon.
You visited 1 branch of the dungeon, and saw 2 of its levels.

You collected 82 gold pieces.

Inventory:

Hand Weapons
 d - a +0 dagger (weapon)
Armour
 a - a +0 robe (worn)
Scrolls
 e - a scroll of fog {unknown}
 f - a scroll of teleportation {unknown}
 g - 3 scrolls of identify {unknown}
 h - a scroll of vulnerability {unknown}
 j - a scroll of immolation {unknown}
Potions
 b - a potion of magic
 c - a potion of resistance {unknown}
 i - a potion of heal wounds {unknown}


   Skills:
 + Level 1.4 Fighting
 - Level 1.7 Dodging
 - Level 2.4 Stealth
 + Level 2.7 Spellcasting
 - Level 1.1 Transmutations
 * Level 5.1 Poison Magic


You had 4 spell levels left.
You knew the following spells:

 Your Spells              Type           Power      Damage    Failure   Level
a - Sting                 Tmut/Pois      40%        1d5       6%          1
b - Poisonous Vapours     Pois/Air       18%        N/A       12%         2

Your spell library contained the following spells:

 Spells                   Type           Power      Damage    Failure   Level
 Olgreb's Toxic Radiance  Pois           16%        N/A       26%         4
 Mephitic Cloud           Conj/Pois/Air  6%         N/A       32%         3


Dungeon Overview and Level Annotations

Branches:
Dungeon (2/15)

Altars:

Shops:
D:2 [


Innate Abilities, Weirdness & Mutations

You cannot be hasted, slowed, berserked, paralysed or teleported.
You can dig through walls and to a lower floor.
You have a pair of large antennae on your head. (SInv)
Your four strong arms can wield two-handed weapons with a shield.


Message History

The gnoll barely misses you.
You barely miss the gnoll.
The gnoll is heavily wounded.
The gnoll closely misses you.
You hit the gnoll.
The gnoll is severely wounded.
The gnoll misses you.
You hit the gnoll but do no damage.
The gnoll is almost dead.
You kill the gnoll!
A gnoll comes into view. It is wielding a +0 spear.
Things that are here:
a +0 flail; a gnoll corpse
Aiming: Sting (safe; 6% risk of failure)
Press: ? - help, Q - select action, (/) - cycle Shift-Dir - straight line, f - gnoll
Aim: a gnoll, wielding a +0 spear (wandering, hasn't noticed you, 75% to hit)
The sting hits the gnoll.
The gnoll is poisoned.
The gnoll is lightly wounded.
The gnoll hits you from afar with a +0 spear.
Aiming: Sting (safe; 6% risk of failure)
Press: ? - help, Q - select action, (/) - cycle Shift-Dir - straight line, f/p - gnoll
Aim: a gnoll, wielding a +0 spear (lightly wounded, poisoned, 75% to hit)
The sting hits the gnoll.
The gnoll looks even sicker.
The gnoll is moderately wounded.
The gnoll hits you from afar with a +0 spear!
Aiming: Sting (safe; 6% risk of failure)
Press: ? - help, Q - select action, (/) - cycle Shift-Dir - straight line, f/p - gnoll
Aim: a gnoll, wielding a +0 spear (heavily wounded, very poisoned, 75% to hit)
The sting misses the gnoll.
The gnoll hits you from afar with a +0 spear.
* * * LOW HITPOINT WARNING * * *
Things that are here:
a +0 flail; a gnoll corpse
Aiming: Sting (safe; 6% risk of failure)
Press: ? - help, Q - select action, (/) - cycle Shift-Dir - straight line, f/p - gnoll
Aim: a gnoll, wielding a +0 spear (heavily wounded, very poisoned, 75% to hit)
The sting hits the gnoll.
The gnoll looks even sicker.
The gnoll is almost dead.
The gnoll hits you from afar with a +0 spear!
You die...

.#......# ###
.......#
#..##......##
#.8.........#
..?.....#.#.#
8.∩<8...#.#.#
......g.#...#####
..8.....@.......#
...######..#....#
#.....#.#..#
#.###......#
#..........#
#####.#..#.###
#.......<..#
#.#.#..#...>....
.....######.##...


You could see a gnoll (very poisoned).

Vanquished Creatures
  A gnoll (D:2)
  3 dart slugs (D:1)
  2 endoplasms
  3 goblins (D:1)
  4 hobgoblins
  3 kobolds (D:1)
  A ball python (D:1)
  6 bats (D:1)
  3 frilled lizards (D:1)
  A rat (D:1)
27 creatures vanquished.

Notes
Turn   | Place    | Note
-------+----------+-------------------------------------------
     0 | D:1      | Bnni the Formicid Venom Mage began the quest for the Orb.
     0 | D:1      | Reached XP level 1. HP: 13/13 MP: 3/3
    84 | D:1      | Reached XP level 2. HP: 17/20 MP: 5/5
   347 | D:1      | Reached skill level 1 in Fighting
   436 | D:1      | Reached XP level 3. HP: 22/26 MP: 3/6
   439 | D:1      | Learned a level 2 spell: Poisonous Vapours
   972 | D:2      | Reached skill level 5 in Poison Magic
   983 | D:2      | Found Nuuded's Armour Boutique.
   996 | D:2      | Slain by a gnoll

Illustrated notes

Levels and vault maps discovered:
D:1:      onia_arrival_pentagram, layout_loops_ring, roderic_filled_cross,
          minmay_small_reverse_x
D:2:      layout_basic, serial_shops, nicolae_shop_statue_plus,
          nicolae_figureground_pulse, uniq_terence

Skill      XL: |  1  2  3 |
---------------+----------+-----
Fighting       | 1 |  1.4
Poison Magic   | 5 |  5.1
Dodging        | |  1.7
Stealth        | |  2.4
Spellcasting   | |  2.7
Transmutations | |  1.1

Action                     || total
---------------------------++-------
  Melee: Dagger            ||    57
         Unarmed           ||     2
   Cast: Sting             ||    37
   Stab: Sleeping          ||     3
 Armour: Robe              ||    25
  Dodge: Dodged            ||    53

Table legend: (Time is in decaauts)
 A = Elapsed time spent in this place.
 B = Non-inter-level travel time spent in this place.
 C = Inter-level travel time spent in this place.
 D = Time resting spent in this place.
 E = Time spent auto-exploring this place.
 F = Levels seen in this place.
 G = Mean time per level.
                   A        B        C        D        E       F      G
               +--------+--------+--------+--------+--------+-----+--------+
         Total |    995 |    978 |     17 |     31 |    718 |   2 |  497.5 |
       Dungeon |    995 |    978 |     17 |     31 |    718 |   2 |  497.5 |
               +--------+--------+--------+--------+--------+-----+--------+

Top non-repeatable levels by time:
     D:1: 956 daAuts
     D:2: 38 daAuts
